 Dungeon Crawl Stone Soup version 0.25.0-26-g0c896c7088 (webtiles) character file.

Game seed: 1957824181689685947

160 mortelune the Chopper (level 5, -1/42 HPs)
             Began as a Demonspawn Chaos Knight on July 3, 2020.
             Was an Initiate of Makhleb.
             Slain by a spatial maelstrom (25 damage)
             ... on level 2 of the Abyss.
             The game lasted 00:04:19 (3922 turns).

mortelune the Chopper (Demonspawn Chaos Knight)     Turns: 3922, Time: 00:04:19

Health: -1/42      AC:  6    Str: 13    XL:     5   Next: 17%
Magic:  5/5        EV:  3    Int: 13    God:    Makhleb [......]
Gold:   103        SH:  0    Dex: 13    Spells: 4/4 levels left

rFire    . . .     SeeInvis .   a - +0 hand axe (chaos)
rCold    + . .     Gourm    .   (no shield)
rNeg     . . .     Faith    .   i - +0 plate armour
rPois    .         Spirit   .   (no helmet)
rElec    .         Reflect  .   k - scarf {+Inv}
rCorr    .         Harm     .   (no gloves)
MR       .....                  (no boots)
Stlth    ..........             (no amulet)
HPRegen  0.14/turn              (no ring)
MPRegen  0.09/turn              (no ring)

@: no status effects
A: claws 1, cold resistance 1, deformed body
a: Renounce Religion, Evoke Invisibility


You were on level 2 of the Abyss.
You worshipped Makhleb.
Makhleb was noncommittal.
You were hungry.

You visited 1 branch of the dungeon, and saw 3 of its levels.
You visited the Abyss 1 time.

You collected 103 gold pieces.

Inventory:

Hand Weapons
 a - a +0 hand axe of chaos (weapon)
Missiles
 d - 14 poisoned darts (quivered)
Armour
 b - a +2 leather armour
 i - a +0 plate armour (worn)
 k - a scarf of invisibility (worn)
Jewellery
 q - an uncursed ring of magical power
 r - an uncursed ring of ice {unknown}
Scrolls
 e - a scroll of noise {unknown}
 h - 2 scrolls of teleportation {unknown}
 l - a scroll of enchant weapon {unknown}
 n - a scroll of amnesia {unknown}
 o - a scroll of remove curse {unknown}
 s - a scroll of immolation {unknown}
Potions
 f - a potion of lignification {unknown}
 g - 2 potions of stabbing {unknown}
 j - a potion of curing {unknown}
 m - 2 potions of mutation {unknown}
Comestibles
 c - 3 rations


   Skills:
 + Level 3.9 Fighting
 * Level 4.3 Axes
 + Level 2.8 Armour
 - Level 0.8 Dodging


You had 4 spell levels left.
You didn't know any spells.
Your spell library was empty.

Dungeon Overview and Level Annotations

Branches:
Dungeon (3/15)

Altars:
Makhleb
Zin


Innate Abilities, Weirdness & Mutations

You have sharp fingernails.
Your flesh is cold resistant. (rC+)
Armour fits poorly on your strangely shaped body.


Message History

There is an escape hatch in the ceiling here.
A mysterious force pulls you upwards. The hatch slams shut behind you.
You start resting.
The world seems to spin as Xom's maniacal laughter rings in your ears.
To return, you must find a gate leading back.
Killing monsters will force the Abyss to allow you passage.
This branch contains the abyssal rune of Zot.
The divine experience drains your vigour!
You feel yourself slow down.
You start resting.
HP restored.
You start waiting.
A spatial maelstrom comes into view.
A spatial vortex comes into view.
You feel yourself speed up. The spatial maelstrom hits you.
Space bends around you. The spatial maelstrom hits you!
Space warps horribly around you!!
Ouch! That really hurt!
You die...
Xom chortles! ## #v ####.#.####.##. .......v@...#.. ..########.#.#. .. ##

You could see a spatial maelstrom.

Vanquished Creatures
  A gnoll (D:2)
  A river rat (D:3)
  5 adders
  3 worms
  2 dart slugs (D:1)
  5 leopard geckos
  5 orcs (D:3)
  6 bats
  4 giant cockroaches (D:1)
  3 goblins
  5 hobgoblins (D:1)
  11 jackals
  11 kobolds
  A quokka (D:2)
  A frilled lizard (D:3)
  5 rats
  3 bushes (D:1)
  A plant (D:1)
73 creatures vanquished.

Vanquished Creatures (collateral kills)
  2 orcs (D:3)
2 creatures vanquished.

Grand Total: 75 creatures vanquished

Notes
Turn   | Place    | Note
-------+----------+-------------------------------------------
     0 | D:1      | mortelune the Demonspawn Chaos Knight began the quest for
                  | the Orb.
     0 | D:1      | Reached XP level 1. HP: 18/18 MP: 1/1
    52 | D:1      | Reached skill level 3 in Axes
   221 | D:1      | XOM: silly message
   378 | D:1      | Gained mutation: You have sharp fingernails. [demonic
                  | ancestry]
   378 | D:1      | Reached XP level 2. HP: 23/24 MP: 2/2
   836 | D:1      | Gained mutation: Your flesh is cold resistant. (rC+)
                  | [demonic ancestry]
   836 | D:1      | Reached XP level 3. HP: 25/29 MP: 3/3
  1870 | D:2      | Found a burning altar of Makhleb.
  1875 | D:2      | Found a glowing silver altar of Zin.
  1875 | D:2      | Noticed an angel
  1876 | D:2      | Noticed a cacodemon
  1890 | D:2      | Fell from the grace of Xom
  1890 | D:2      | Became a worshipper of Makhleb the Destroyer
  2220 | D:2      | Reached XP level 4. HP: 29/35 MP: 4/4
  2341 | D:2      | XOM: noise
  2928 | D:2      | XOM: noise
  3071 | D:2      | XOM: summons 3 hostile shadow creatures
  3268 | D:3      | Reached skill level 4 in Axes
  3488 | D:3      | XOM: polymorph kobold -> river rat
  3752 | D:3      | Reached XP level 5. HP: 42/42 MP: 5/5
  3753 | D:3      | XOM: give mutation
  3753 | D:3      | Gained mutation: Armour fits poorly on your strangely
                  | shaped body. [Xom's mischief]
  3903 | D:2      | Cast into level 2 of the Abyss (Xom)
  3921 | Abyss:2  | Noticed a spatial maelstrom
  3922 | Abyss:2  | Noticed a spatial vortex
  3922 | Abyss:2  | Slain by a spatial maelstrom

Illustrated notes

Levels and vault maps discovered:
D:1:      psy_arrival_radial01, layout_basic, serial_forest,
          infiniplex_forest_straight_5, infiniplex_forest_split,
          infiniplex_forest_end_2, infiniplex_forest_clump_double,
          infiniplex_forest_straight_2, minivault_26
D:2:      layout_basic, grunt_temple_overflow_order_and_chaos_2
D:3:      layout_loops_ring, nicolae_gozag_seed_capital
Abyss:2:  base: D:3, guppyfry_abyss_exit_imp_island, minivault_24

Skill      XL: |  1  2  3  4 |
---------------+-------------+-----
Axes           | 3 4 |  4.3
Armour         | 2 |  2.8
Fighting       | |  3.9
Dodging        | |  0.8

Action                   |  1- 3 |  4- 6 || total
-------------------------+-------+-------++-------
Melee: Hand axe          |   188 |   139 ||   327
 Stab: Paralysed         |     2 |     1 ||     3
       Distracted        |       |     1 ||     1
  Eat: Chunk             |     4 |     5 ||     9
Armor: Leather armour    |    42 |       ||    42
       Plate armour      |    30 |   118 ||   148
Dodge: Dodged            |    92 |    16 ||   108
